Map: Кровавое диско РВ

Players

VoiceLegion

  • Race: Terran Terran
  • League: Diamond
  • Spawn Location: 3:00

MacZero - Winner!

  • Race: Protoss Protoss
  • League: Diamond
  • Spawn Location: 9:00

VOD

Have the link to the VOD?

Description

Time

  • Played on: Sept. 8, 2019, 2:51 p.m.
  • Length: 11:45
Show
View Real Time Build Order
Export as new Build Order

VoiceLegion Terran 

Build Orders:  

Get SALT Encoding   

  12  0:00  SCV  
  13  0:13  SCV  
  14  0:17  Supply Depot  
  14  0:25  SCV  
  15  0:38  SCV  
  15  0:40  Barracks  
  16  0:46  Refinery  
  16  0:51  SCV  
  17  1:03  SCV  
  18  1:15  SCV  
  19  1:28  SCV  
  19  1:29  Marine  
  21  1:45  Supply Depot  
  21  1:48  Marine  
  21  1:50  Bunker  
  22  2:07  Marine  
  23  2:17  Factory  
  23  2:35  Supply Depot  
  22  2:49  Marine  
  22  3:08  Orbital Command  
  22  3:27  Factory Reactor  
  22  3:28  Factory Tech Lab  
  22  3:33  Supply Depot  
  21  3:42  Marine  
  21  3:44  SCV  
  21  3:48  Engineering Bay  
  23  3:53  Cyclone  
  26  4:02  Refinery  
  26  4:04  Marine  
  27  4:16  SCV  
  28  4:18  Command Center  
  28  4:28  SCV  
  29  4:39  Barracks Tech Lab, Siege Tank  
  29  4:41  SCV  
  33  4:53  SCV  
  33  4:57  Missile Turret  
  34  5:03  Marine  
  34  5:04  Stimpack  
  35  5:09  Missile Turret  
  35  5:11  SCV  
  35  5:12  Barracks  
  36  5:15  Widow Mine  
  38  5:23  SCV  
  38  5:27  Starport  
  39  5:36  Marine  
  39  5:41  SCV  
  41  5:43  Siege Tank  
  44  5:53  Marine  
  44  5:55  Barracks  
  45  5:57  SCV  
  46  6:04  Orbital Command  
  46  6:07  Starport Reactor  
  46  6:13  Barracks Tech Lab  
  46  6:17  SCV  
  47  6:21  Marine  
  51  6:31  SCV x2  
  53  6:38  Supply Depot, Marine  
  54  6:41  Barracks Reactor  
  53  6:47  Terran Infantry Weapons Level 1  
  50  6:54  Cyclone  
  50  6:56  Marine x2  
  55  7:02  Supply Depot, Refinery x2  
  55  7:03  SCV  
  55  7:04  SCV  
  57  7:13  Viking  
  57  7:15  Viking  
  61  7:29  Starport  
  61  7:32  SCV x2  
  63  7:44  Marine x3  
  63  7:47  Marine  
  63  7:49  Viking  
  63  7:50  Viking  
  71  8:01  Supply Depot  
  71  8:06  SCV x2  
  71  8:08  Starport Reactor  
  73  8:14  Supply Depot  
  73  8:24  SCV x2  
  75  8:27  Viking  
  75  8:28  Viking  
  79  8:37  SCV x2  
  80  8:45  Medivac  
  84  8:49  Marine x3, SCV x2  
  84  8:50  Marine  
  89  8:58  Supply Depot  
  89  8:59  Supply Depot  
  89  9:03  Supply Depot  
  89  9:07  Viking  
  78  9:10  Medivac  
  91  9:12  Viking  
  91  9:15  Marine  
  94  9:20  Marine  
  95  9:28  SCV x2  
  97  9:32  Viking  
  97  9:36  Marine x3  
  97  9:37  Combat Shield  
  102  9:41  Terran Infantry Armor Level 1  
  102  9:45  Viking  
  104  9:46  Viking  
  104  9:50  SCV  
  104  9:51  SCV  
  108  10:24  Supply Depot  
  108  10:25  Supply Depot  
  108  10:27  Supply Depot  
  108  10:29  Refinery  
  108  10:32  Missile Turret x2  
  108  10:34  Supply Depot  
  108  10:37  Supply Depot  
  108  10:38  Supply Depot  
  108  10:47  Viking, SCV x2  
  108  10:48  Viking x3  
  91  11:17  SCV  
  91  11:18  SCV  
Show
View Real Time Build Order
Export as new Build Order

MacZero Protoss - Winner!

Build Orders:  

Get SALT Encoding   

  12  0:02  Probe  
  13  0:14  Probe  
  14  0:23  Pylon  
  14  0:26  Probe  
  15  0:41  Probe  
  15  0:42  Forge  
  16  0:53  Probe  
  17  1:05  Probe  
  18  1:12  Pylon  
  18  1:17  Pylon  
  18  1:24  Probe  
  18  1:25  Assimilator  
  19  1:32  Gateway  
  18  1:43  Pylon  
  18  1:51  Photon Cannon  
  18  1:59  Probe  
  18  2:11  Probe  
  18  2:12  Nexus  
  19  2:22  Cybernetics Core  
  19  2:32  Assimilator  
  19  2:33  Probe  
  20  2:37  Assimilator  
  20  2:47  Probe  
  21  2:59  Probe  
  22  3:11  Probe  
  23  3:18  Pylon  
  23  3:24  Probe  
  24  3:27  Probe  
  25  3:36  Probe  
  25  3:39  Probe  
  27  3:48  Probe  
  28  3:51  Stargate, Probe  
  29  4:00  Probe  
  30  4:03  Probe  
  30  4:08  Assimilator  
  31  4:10  Probe  
  31  4:12  Assimilator  
  31  4:16  Photon Cannon, Probe  
  33  4:18  Shield Battery, Probe  
  34  4:26  Probe, Void Ray  
  34  4:28  Probe  
  36  4:32  Nexus  
  40  4:39  Probe  
  41  4:49  Probe  
  41  4:50  Probe  
  42  4:57  Probe  
  43  5:01  Fleet Beacon  
  43  5:02  Probe  
  45  5:08  Probe  
  46  5:15  Pylon  
  46  5:33  Probe, Void Ray  
  51  5:36  Probe  
  51  5:37  Stargate  
  52  5:44  Probe  
  52  5:45  Probe  
  52  5:48  Probe  
  55  5:55  Protoss Air Weapons Level 1  
  55  5:56  Probe  
  56  5:58  Probe  
  56  6:00  Probe  
  58  6:08  Pylon, Probe  
  59  6:12  Mothership  
  59  6:13  Probe  
  59  6:15  Pylon  
  68  6:18  Assimilator  
  68  6:20  Probe  
  68  6:23  Assimilator  
  69  6:26  Probe  
  70  6:33  Probe  
  70  6:36  Tempest  
  70  6:37  Tempest  
  81  6:53  Pylon, Probe  
  82  6:54  Probe  
  83  7:04  Shield Battery  
  83  7:05  Probe  
  83  7:06  Probe  
  85  7:17  Probe  
  85  7:19  Probe  
  87  7:23  Pylon  
  87  7:29  Probe  
  88  7:31  Probe  
  88  7:35  Tempest x2  
  89  7:41  Probe  
  89  7:43  Probe  
  101  7:47  Shield Battery  
  101  7:50  Shield Battery  
  101  8:01  Photon Cannon  
  101  8:04  Probe  
  101  8:11  Shield Battery  
  101  8:16  Stargate  
  101  8:21  Protoss Air Weapons Level 2  
  101  8:29  Pylon  
  101  8:31  Pylon  
  101  8:39  Tempest x2  
  101  8:47  Probe x3  
  109  8:49  Nexus  
  109  8:51  Pylon  
  109  8:53  Pylon  
  114  8:58  Assimilator  
  114  9:00  Probe x2  
  114  9:02  Assimilator  
  116  9:06  Probe  
  117  9:13  Tempest  
  122  9:20  Tempest  
  122  9:21  Robotics Facility  
  122  9:22  Photon Cannon, Tempest  
  122  9:24  Photon Cannon  
  132  9:25  Photon Cannon  
  132  9:27  Shield Battery  
  132  9:28  Probe  
  133  9:42  Pylon  
  133  9:44  Pylon  
  133  9:48  Pylon  
  133  10:00  Probe x2  
  127  10:17  Probe x3  
  125  10:33  Observer  
  126  10:38  Robotics Bay  
  132  11:18  Probe x3  
  126  11:30  Probe x2  
Tags
 
Add a new tag
Caveats
  • Supply blocks, unpowered buildings, or Contaminate may cause inaccurate times.
  • Supply counts are checked every 10 seconds.